[Event "ICC tourney 2413 (45 10)"]
[Site "Internet Chess Club"]
[Date "2021.02.27"]
[Round "2"]
[White "OBERAI, ADITYA:obiwan12"]
[Black "Li, Jingtu Oscar:ZYCON"]
[Result "1-0"]
[ICCResult "Black resigns"]
[WhiteElo "1591"]
[BlackElo "1458"]
[Opening "Sicilian: dragon variation"]
[ECO "B70"]
[NIC "SI.15"]
[Time "13:31:46"]
[PlyCount "107"]
[TimeControl "2700+10"]

1. e4 c5 2. Nf3 d6 3. d4 cxd4 4. Nxd4 Nf6 5. Nc3 g6 6. Bc4 Bg7 7. Be3 O-O
8. Qd2 Ng4 9. f3 Nxe3 10. Qxe3 Nc6 11. Nxc6 bxc6 12. O-O Qb6 13. Qxb6 axb6
14. Bd3 Bxc3 15. bxc3 Be6 16. c4 Ra4 17. Rfb1 Rb8 18. Rb2 Bxc4 19. Bxc4
Rxc4 20. Rab1 b5 21. Kf2 Ra8 22. Ke2 Ra3 23. Kd2 Kg7 24. Ra1 Kf6 25. Rb3
Rxb3 26. axb3 Rc5 27. b4 Rh5 28. h3 Ke5 29. Ke3 f5 30. Ra7 fxe4 31. Rxe7+
Kd5 32. fxe4+ Kc4 33. Rc7 c5 34. bxc5 dxc5 35. Kf4 Rh4+ 36. Ke3 b4 37. Rd7
Rh5 38. Rd3 Re5 39. Kf4 Re6 40. e5 Kb5 41. h4 Kc6 42. Ke4 h5 43. c3 bxc3
44. Rxc3 Re7 45. Rf3 Re6 46. Rg3 c4 47. Kd4 Kd7 48. Rc3 Ra6 49. g3 Ra2 50.
Rxc4 Rg2 51. Rc3 Ke6 52. Rc6+ Kf7 53. Rf6+ Kg7 54. Rf3 { Black resigns }
1-0

[Event "ICC tourney 2413 (45 10)"]
[Site "Internet Chess Club"]
[Date "2021.02.27"]
[Round "2"]
[White "SAKHARKAR, SHREYAS RAJENDRA:shrey16ultimate"]
[Black "ZHANG, FRED:Fredzhang"]
[Result "1/2-1/2"]
[ICCResult "Game drawn because neither player has mating material"]
[WhiteElo "1000"]
[BlackElo "1499"]
[Opening "Queen's pawn, Mason variation"]
[ECO "D00"]
[NIC "QP.08"]
[Time "13:31:27"]
[PlyCount "194"]
[TimeControl "2700+10"]

1. d4 d5 2. Bf4 Nc6 3. e3 Nf6 4. c4 Bf5 5. Nc3 e6 6. Nf3 Bb4 7. a3 Bxc3+ 8.
bxc3 O-O 9. cxd5 exd5 10. c4 Re8 11. c5 Be4 12. Be2 Qd7 13. O-O Bxf3 14.
Bxf3 b5 15. Qb3 Rab8 16. Rfb1 a6 17. a4 b4 18. a5 Ra8 19. Bg5 Ne4 20. Bxe4
Rxe4 21. f3 Re6 22. Re1 g6 23. Bh4 Rae8 24. Bf2 h6 25. Rab1 Kg7 26. Qa4
R8e7 27. Qa1 f6 28. Re2 g5 29. Rbe1 Qe8 30. e4 Nd8 31. Bg3 c6 32. e5 f5 33.
f4 Rb7 34. Rb2 gxf4 35. Bxf4 Rg6 36. Reb1 Rg4 37. g3 Ne6 38. Rf2 Nxf4 39.
Rxf4 Rxf4 40. gxf4 Qg6+ 41. Kh1 Kf7 42. Rg1 Qh5 43. Rg3 Qe2 44. Kg1 Qe4 45.
Qd1 Ke6 46. Qh5 Qxd4+ 47. Kg2 Qe4+ 48. Kh3 d4 49. Qh4 Rd7 50. Qxh6+ Kd5 51.
Qf8 Kc4 52. Qg8+ Qd5 53. Qg6 b3 54. Qxf5 Rb7 55. Qd3+ Kxc5 56. Rg5 Qe6+ 57.
Kg3 Qc4 58. e6+ Kb4 59. Qxc4+ Kxc4 60. Re5 b2 61. e7 Rxe7 62. Rxe7 b1=Q 63.
Re6 Qg1+ 64. Kf3 Qf1+ 65. Kg3 Qd3+ 66. Kg4 Qf1 67. Rxc6+ Kb5 68. Rh6 Qg2+
69. Kf5 Qg7 70. Rd6 d3 71. Ke4 Qg2+ 72. Ke3 Qxh2 73. Rxd3 Kxa5 74. Ke4 Qe2+
75. Re3 Qc4+ 76. Kf5 Kb5 77. Re5+ Kc6 78. Re6+ Kd7 79. Re4 Qf7+ 80. Ke5 a5
81. f5 Qe7+ 82. Kf4 Qd6+ 83. Kg5 Qe7+ 84. Kf4 a4 85. Rd4+ Qd6+ 86. Ke4 a3
87. Rc4 Qc6+ 88. Rxc6 Kxc6 89. f6 a2 90. f7 a1=Q 91. f8=Q Qe1+ 92. Kd3 Qd1+
93. Kc3 Qc1+ 94. Kb4 Qb2+ 95. Kc4 Qb5+ 96. Kc3 Qc5+ 97. Qxc5+ Kxc5 { Game
drawn because neither player has mating material } 1/2-1/2

[Event "ICC tourney 2413 (45 10)"]
[Site "Internet Chess Club"]
[Date "2021.02.27"]
[Round "2"]
[White "MARTINEZ, ABEL:abelMZ084"]
[Black "SULTAN, BASHIR CISSE:muzikmixer"]
[Result "1/2-1/2"]
[ICCResult "Game drawn by mutual agreement"]
[WhiteElo "1667"]
[BlackElo "1579"]
[Opening "Pirc: Ufimtsev-Pytel variation"]
[ECO "A41"]
[NIC "QO.17"]
[Time "13:31:38"]
[PlyCount "103"]
[TimeControl "2700+10"]

1. d4 d6 2. Nc3 c6 3. e4 Nf6 4. Nf3 Bg4 5. Be2 e6 6. Bg5 Be7 7. O-O d5 8.
Bxf6 Bxf6 9. e5 Be7 10. Nd2 Bxe2 11. Qxe2 Qb6 12. Nb3 Qa6 13. Qe3 Nd7 14.
f4 g6 15. Nd2 h5 16. Ne2 b5 17. a3 c5 18. c3 Qb6 19. Kh1 c4 20. Nf3 O-O 21.
Rg1 Kg7 22. Ng5 Rh8 23. Raf1 Rag8 24. Rf3 h4 25. Rh3 Qd8 26. g4 hxg3 27.
Rgxg3 Nf8 28. Qg1 Rxh3 29. Rxh3 Bxg5 30. fxg5 Rh8 31. Rf3 Qe7 32. Qg4 a5
33. Ng3 Nh7 34. Kg2 Qxg5 35. Qxg5 Nxg5 36. Rf6 Rh4 37. Rf1 Ne4 38. Nxe4
Rxe4 39. Kf3 g5 40. h3 Rf4+ 41. Kg2 Rxf1 42. Kxf1 Kg6 43. Kf2 Kf5 44. Kf3
a4 45. Ke3 f6 46. exf6 Kxf6 47. Kf2 e5 48. dxe5+ Kxe5 49. Ke3 Kf5 50. Kf3
Ke5 51. Ke3 Kf5 52. Kf3 { Game drawn by mutual agreement } 1/2-1/2

[Event "ICC tourney 2413 (45 10)"]
[Site "Internet Chess Club"]
[Date "2021.02.27"]
[Round "2"]
[White "GUO, ELLA:SunnyCountry"]
[Black "Shah, Sajan Mallick:sajanmshah10"]
[Result "0-1"]
[ICCResult "White resigns"]
[WhiteElo "1286"]
[BlackElo "1472"]
[Opening "Giuoco Piano"]
[ECO "C54"]
[NIC "IG.02"]
[Time "13:31:32"]
[PlyCount "122"]
[TimeControl "2700+10"]

1. e4 e5 2. Nf3 Nc6 3. Bc4 Bc5 4. c3 Nf6 5. d3 O-O 6. Nbd2 d5 7. exd5 Nxd5
8. O-O Bf5 9. Ne4 Bb6 10. Bg5 f6 11. Bd2 Kh8 12. Re1 Qd7 13. b4 Rad8 14. a4
a5 15. b5 Nce7 16. Qc2 Ng6 17. h3 Ndf4 18. Bxf4 Nxf4 19. Rad1 Bxh3 20. g3
Bg4 21. Ned2 Nxd3 22. Bxd3 Qxd3 23. Qxd3 Rxd3 24. Kg2 Rfd8 25. Rc1 Bc5 26.
Re4 h5 27. Rh1 Kg8 28. Rc1 Bd6 29. c4 Bb4 30. Rc2 Bxd2 31. Nxd2 Rxd2 32.
Rxd2 Rxd2 33. Re3 Ra2 34. Rc3 Rxa4 35. c5 Rb4 36. c6 bxc6 37. bxc6 Rb6 38.
Ra3 Ra6 39. Rc3 Be6 40. f4 Rxc6 41. Ra3 Rc2+ 42. Kf3 Ra2 43. Rc3 c6 44.
fxe5 fxe5 45. Ke4 Bd5+ 46. Kxe5 Kf7 47. Kf4 Kf6 48. g4 hxg4 49. Kxg4 Ra4+
50. Kg3 Rb4 51. Kf2 Kf5 52. Rg3 Rb2+ 53. Ke1 Rg2 54. Ra3 Ra2 55. Rg3 g6 56.
Rb3 Bxb3 57. Kf1 c5 58. Ke1 c4 59. Kf1 c3 60. Ke1 Rd2 61. Kf1 c2 { White
resigns } 0-1

[Event "ICC tourney 2413 (45 10)"]
[Site "Internet Chess Club"]
[Date "2021.02.27"]
[Round "2"]
[White "KEYWORTH, PAUL:KawordianKnight"]
[Black "WONG, WYATT:MYMChessWyatt"]
[Result "1-0"]
[ICCResult "Black checkmated"]
[WhiteElo "1561"]
[BlackElo "1284"]
[Opening "King's Indian: East Indian defense"]
[ECO "A48"]
[NIC "QP.06"]
[Time "13:32:13"]
[PlyCount "111"]
[TimeControl "2700+10"]

1. d4 Nf6 2. Nf3 g6 3. e3 Bg7 4. Be2 d5 5. O-O O-O 6. b3 Nc6 7. Bb2 Nd7 8.
Nbd2 e5 9. dxe5 Ndxe5 10. Nxe5 Nxe5 11. Rb1 Re8 12. c4 dxc4 13. Nxc4 Nxc4
14. Bxc4 Bf5 15. Qf3 Qe7 16. Bxg7 Kxg7 17. Rbd1 Rad8 18. Qxb7 Be4 19. Qxa7
Qg5 20. g3 Qh5 21. Qxc7 Qf3 22. Qxf7+ Qxf7 23. Bxf7 Kxf7 24. Rxd8 Rxd8 25.
Ra1 Ra8 26. a4 Bc2 27. Ra3 Rb8 28. a5 Rxb3 29. Rxb3 Bxb3 30. e4 Ba4 31. f4
Ke6 32. Kf2 Bc6 33. Ke3 h6 34. Kd4 g5 35. a6 Ba8 36. f5+ Kf6 37. g4 Bc6 38.
e5+ Ke7 39. a7 Bf3 40. Kc5 Kd7 41. Kb6 Be4 42. f6 Bd5 43. f7 Ke7 44. e6 Be4
45. Kc7 Bd5 46. Kb8 Bc6 47. a8=Q Bxa8 48. Kxa8 Kf8 49. Kb7 Ke7 50. Kc7 Kf8
51. Kd7 Kg7 52. Ke8 Kg6 53. f8=Q Kh7 54. Qf7+ Kh8 55. Kf8 h5 56. Qg7# {
Black checkmated } 1-0

[Event "ICC tourney 2413 (45 10)"]
[Site "Internet Chess Club"]
[Date "2021.02.27"]
[Round "2"]
[White "PULLABHOTLA, ABHINAV:Abhinac123"]
[Black "GHOSH, KRISH N:krishghosh"]
[Result "1-0"]
[ICCResult "Black checkmated"]
[WhiteElo "1619"]
[BlackElo "1512"]
[Opening "Queen's gambit declined"]
[ECO "D30"]
[NIC "QP.08"]
[Time "13:31:32"]
[PlyCount "147"]
[TimeControl "2700+10"]

1. d4 d5 2. c4 e6 3. Nf3 Nf6 4. e3 c5 5. Nc3 Nc6 6. Bd3 Be7 7. O-O O-O 8.
a3 b6 9. Ne5 Bb7 10. Nxc6 Bxc6 11. Ne2 dxc4 12. Bxc4 Bd5 13. Bd3 c4 14. Bb1
b5 15. Nc3 a6 16. e4 Bb7 17. e5 Nd5 18. Nxd5 Qxd5 19. f3 Rfd8 20. Be4 Qd7
21. Be3 Rac8 22. Qc2 Bxe4 23. fxe4 Rc7 24. Qf2 Bf8 25. d5 exd5 26. Bb6 Bc5
27. Bxc5 d4 28. Bb6 d3 29. Bxc7 Qxc7 30. Qf4 Qc5+ 31. Kh1 Qe7 32. Rad1 a5
33. Qd2 b4 34. axb4 axb4 35. Rc1 Qc5 36. Rf3 Qd4 37. Rff1 Rc8 38. Qxb4 Qxe4
39. b3 Qe2 40. bxc4 d2 41. Rcd1 Rd8 42. Qb3 Qxe5 43. Qc2 Qe2 44. c5 Qb5 45.
c6 Rc8 46. Qxd2 h6 47. Qd7 Qxc6 48. Qxc6 Rxc6 49. h3 Re6 50. Rd7 f6 51. Ra1
Kh7 52. Raa7 Kg6 53. Rxg7+ Kf5 54. Rg4 h5 55. Ra5+ Re5 56. Rxe5+ fxe5 57.
Ra4 Kg5 58. Kg1 Kf5 59. Kf2 h4 60. Rxh4 Kg5 61. Rg4+ Kf5 62. Ke3 Ke6 63.
Ke4 Kf6 64. h4 Ke6 65. Rg5 Kf6 66. Rxe5 Kg6 67. h5+ Kh7 68. g4 Kg7 69. g5
Kg8 70. Re7 Kh8 71. Kf5 Kg8 72. Kf6 Kh8 73. g6 Kg8 74. Re8# { Black
checkmated } 1-0

[Event "ICC tourney 2413 (45 10)"]
[Site "Internet Chess Club"]
[Date "2021.02.27"]
[Round "3"]
[White "WANG, LEONARDO:Leowang"]
[Black "LOU, ELIJAH:ElijahL2020"]
[Result "1-0"]
[ICCResult "Black resigns"]
[WhiteElo "1382"]
[BlackElo "1237"]
[Opening "Grünfeld: modern exchange variation"]
[ECO "D90"]
[NIC "GI.07"]
[Time "16:02:35"]
[PlyCount "71"]
[TimeControl "2700+10"]

1. d4 Nf6 2. c4 g6 3. Nc3 Bg7 4. Nf3 d5 5. cxd5 Nxd5 6. e4 Nxc3 7. bxc3 e6
8. Be3 Nc6 9. Rc1 O-O 10. Bd3 b6 11. O-O Bb7 12. Nd2 Ne7 13. Nb3 c6 14. Qe2
e5 15. f3 exd4 16. cxd4 f5 17. Bc4+ Kh8 18. e5 Nd5 19. Rfd1 b5 20. Bxd5
Qxd5 21. Rc5 Qe6 22. Rc2 Rfd8 23. Nc5 Qe7 24. Bg5 Qc7 25. Ne6 Qd7 26. Nxd8
Rc8 27. Nxb7 Qxb7 28. e6 Re8 29. Rc5 Qb6 30. Qf2 Rxe6 31. Rdc1 Rd6 32. Be3
Qc7 33. d5 Qd7 34. Rxc6 Rxc6 35. dxc6 Qc7 36. Bxa7 { Black resigns } 1-0

[Event "ICC tourney 2413 (45 10)"]
[Site "Internet Chess Club"]
[Date "2021.02.27"]
[Round "3"]
[White "HEBBAR, ESHAAN:solveur"]
[Black "Templeton, Alexander:ajttja"]
[Result "0-1"]
[ICCResult "White resigns"]
[WhiteElo "1560"]
[BlackElo "1695"]
[Opening "QGD: 3.Nc3"]
[ECO "D31"]
[NIC "QP.08"]
[Time "16:02:37"]
[PlyCount "64"]
[TimeControl "2700+10"]

1. d4 d5 2. c4 e6 3. Nc3 Bb4 4. Nf3 dxc4 5. Ne5 b5 6. a4 c6 7. g3 Nf6 8.
Bg5 Qa5 9. Bd2 Qb6 10. e3 Bb7 11. Bg2 O-O 12. O-O Nbd7 13. f4 a6 14. g4
Bxc3 15. bxc3 c5 16. a5 Qc7 17. Qe2 cxd4 18. exd4 Bxg2 19. Qxg2 Nd5 20.
Nxd7 Qxd7 21. f5 Rab8 22. Qg3 b4 23. fxe6 Qxe6 24. Rfb1 b3 25. Ra4 Qe2 26.
Qg2 Qd3 27. Qxd5 Qxb1+ 28. Kf2 Qc2 29. Qg5 h6 30. Qf4 b2 31. Rxc4 b1=Q 32.
Rc7 Qd3 { White resigns } 0-1

[Event "ICC tourney 2413 (45 10)"]
[Site "Internet Chess Club"]
[Date "2021.02.27"]
[Round "3"]
[White "PATEL, ARAV:APBrain"]
[Black "ATLURI, PRATHIK:ChessStar22"]
[Result "1-0"]
[ICCResult "Black checkmated"]
[WhiteElo "1639"]
[BlackElo "1378"]
[Opening "Queen's pawn"]
[ECO "A40"]
[NIC "QO.17"]
[Time "16:02:35"]
[PlyCount "137"]
[TimeControl "2700+10"]

1. d4 c6 2. Bf4 d5 3. e3 Nf6 4. Nd2 Bg4 5. f3 Bf5 6. Bd3 Bxd3 7. cxd3 e6 8.
Ne2 h6 9. Qc2 Bd6 10. Bg3 Nh5 11. e4 Nxg3 12. hxg3 Nd7 13. e5 Be7 14. f4
Qb6 15. g4 Rc8 16. f5 exf5 17. gxf5 c5 18. dxc5 Rxc5 19. Qb3 Nxe5 20. Qxb6
Nxd3+ 21. Kf1 axb6 22. Nc3 Bf6 23. Nb3 Rc6 24. Nxd5 O-O 25. Nxf6+ Rxf6 26.
Ke2 Rd8 27. g4 Nxb2 28. Rab1 Nc4 29. Rbc1 Rc8 30. Rc3 Rfc6 31. Nd4 Rd6 32.
Nb5 Rd2+ 33. Kf3 Rc5 34. Kg3 Nd6 35. Rxc5 bxc5 36. Nxd6 Rxd6 37. Rb1 b6 38.
Kf4 f6 39. Rb3 c4 40. Rb4 Rc6 41. Rb2 c3 42. Rc2 b5 43. a3 Kf7 44. Ke4 Rc4+
45. Kd5 Rxg4 46. Rxc3 Rc4 47. Rxc4 bxc4 48. Kxc4 h5 49. Kd4 Ke7 50. Ke4 Kd6
51. Kf4 h4 52. Kg4 Ke5 53. a4 h3 54. Kxh3 Kxf5 55. a5 Kf4 56. a6 g5 57. a7
g4+ 58. Kg2 f5 59. a8=Q Ke3 60. Qa3+ Kf4 61. Qd3 Kg5 62. Qe3+ Kf6 63. Kg3
Kg6 64. Kf4 Kf6 65. Qb6+ Kf7 66. Kxf5 g3 67. Qc7+ Kg8 68. Kg6 Kf8 69. Qf7#
{ Black checkmated } 1-0

[Event "ICC tourney 2413 (45 10)"]
[Site "Internet Chess Club"]
[Date "2021.02.27"]
[Round "3"]
[White "MURALI, RISHI:RishiMurali"]
[Black "TREUSDELL , ROSS:IveDoneEnough"]
[Result "1/2-1/2"]
[ICCResult "Game drawn by mutual agreement"]
[WhiteElo "1606"]
[BlackElo "1584"]
[Opening "King's Indian defense"]
[ECO "E60"]
[NIC "KI.80"]
[Time "16:02:34"]
[PlyCount "93"]
[TimeControl "2700+10"]

1. d4 Nf6 2. c4 g6 3. e3 Bg7 4. Nc3 d6 5. h3 O-O 6. Nf3 Nc6 7. Be2 e5 8. d5
Ne7 9. e4 Nd7 10. O-O f5 11. Ng5 Nf6 12. Bd3 fxe4 13. Ncxe4 Nxe4 14. Nxe4
Nf5 15. f4 exf4 16. Rxf4 Bd4+ 17. Kh1 Be5 18. Rf1 Bd7 19. Qe1 Qe7 20. Rb1
c6 21. Bg5 Qg7 22. b3 Rae8 23. Qc1 h6 24. Bf4 g5 25. Bxe5 Qxe5 26. Qe1 Nh4
27. Rxf8+ Rxf8 28. Ng3 Re8 29. Qxe5 Rxe5 30. Nh5 Bf5 31. Bxf5 Nxf5 32. dxc6
bxc6 33. Rd1 Re6 34. g4 Ng7 35. Nxg7 Kxg7 36. Kg2 Kf6 37. Kf3 Ke7 38. Rd4
Kd7 39. Re4 Rf6+ 40. Kg3 d5 41. cxd5 cxd5 42. Ra4 a6 43. Ra5 Rd6 44. Kf3
Kc7 45. Ke3 Kb6 46. Ra4 Kc5 47. Kd3 { Game drawn by mutual agreement }
1/2-1/2

[Event "ICC tourney 2413 (45 10)"]
[Site "Internet Chess Club"]
[Date "2021.02.27"]
[Round "3"]
[White "BASTIANI-FONCK, CLAUDIO:Cbf577"]
[Black "LAIDO, OLIVIA:beibeiolivia"]
[Result "0-1"]
[ICCResult "White resigns"]
[WhiteElo "1377"]
[BlackElo "1461"]
[Opening "Giuoco Piano"]
[ECO "C50"]
[NIC "IG.02"]
[Time "16:02:41"]
[PlyCount "68"]
[TimeControl "2700+10"]

1. e4 e5 2. Nf3 Nc6 3. Bc4 Bc5 4. Nc3 d6 5. Na4 Bb6 6. Nxb6 axb6 7. O-O Nf6
8. Re1 Bg4 9. h3 Bh5 10. c3 O-O 11. Be2 Bg6 12. d3 Nd7 13. Qb3 Nc5 14. Qd5
b5 15. a3 Kh8 16. b4 f6 17. Qa2 Na4 18. Bd2 Ne7 19. Bd1 f5 20. Bxa4 Rxa4
21. Qb3 fxe4 22. dxe4 Nc6 23. Ng5 Qf6 24. Nf3 Bh5 25. Bg5 Qg6 26. h4 Bxf3
27. gxf3 h6 28. c4 Nd4 29. Qd1 Nxf3+ 30. Kf1 Nxe1 31. Kxe1 Qxe4+ 32. Be3
Qxc4 33. Rc1 Qxh4 34. Ke2 Qg4+ { White resigns } 0-1

[Event "ICC tourney 2413 (45 10)"]
[Site "Internet Chess Club"]
[Date "2021.02.27"]
[Round "3"]
[White "LUSSIE, ALEXANDRA:Alycatheawesome"]
[Black "PARKER, MICHAEL WAYNE:BobbyFissure"]
[Result "1/2-1/2"]
[ICCResult "Game drawn by mutual agreement"]
[WhiteElo "1421"]
[BlackElo "1504"]
[Opening "Queen's pawn, Mason variation"]
[ECO "D00"]
[NIC "QP.08"]
[Time "16:03:28"]
[PlyCount "95"]
[TimeControl "2700+10"]

1. d4 d5 2. Bf4 Bf5 3. e3 e6 4. Nf3 Bd6 5. Bg3 Nf6 6. Nbd2 Nbd7 7. c3 O-O
8. Be2 Re8 9. Ne5 Ne4 10. Nxe4 Bxe4 11. O-O f6 12. Nxd7 Qxd7 13. Bxd6 Qxd6
14. Bd3 Bxd3 15. Qxd3 e5 16. Rfe1 e4 17. Qb5 a6 18. Qe2 Rf8 19. Rac1 f5 20.
c4 c6 21. cxd5 Qxd5 22. Qc4 Rad8 23. b3 Rf6 24. Rc2 Kh8 25. Qxd5 Rxd5 26.
Rc5 Rfd6 27. Rxd5 Rxd5 28. Rc1 Kg8 29. Kf1 Kf7 30. Ke2 Ke6 31. h3 a5 32. a3
Rb5 33. Rc3 Kd5 34. Kd2 c5 35. Rxc5+ Rxc5 36. dxc5 Kxc5 37. Kc3 g5 38. g3
b5 39. b4+ axb4+ 40. axb4+ Kd5 41. h4 h6 42. h5 Ke5 43. Kb3 f4 44. g4 Kf6
45. Kc3 Ke5 46. Kb3 f3 47. Kc3 Kd5 48. Kb3 { Game drawn by mutual agreement
} 1/2-1/2

[Event "ICC tourney 2413 (45 10)"]
[Site "Internet Chess Club"]
[Date "2021.02.27"]
[Round "3"]
[White "Shah, Sajan Mallick:sajanmshah10"]
[Black "BAI, JEFFREY:Jeffchess"]
[Result "0-1"]
[ICCResult "White resigns"]
[WhiteElo "1472"]
[BlackElo "1227"]
[Opening "French: advance variation"]
[ECO "C02"]
[NIC "FR.03"]
[Time "16:02:34"]
[PlyCount "114"]
[TimeControl "2700+10"]

1. e4 e6 2. d4 d5 3. e5 c5 4. c3 c4 5. Nf3 a5 6. Be2 a4 7. Be3 b5 8. O-O
Ne7 9. Nbd2 Nf5 10. Bf4 h6 11. h3 Ne7 12. b3 Ng6 13. Bg3 Bd7 14. bxc4 bxc4
15. Rb1 Nc6 16. Qc2 Nce7 17. Nh4 Nxh4 18. Bxh4 g5 19. Bg3 Nf5 20. Bh5 Bg7
21. Bh2 O-O 22. Rbe1 a3 23. f4 Rb8 24. Nf3 Rb2 25. Qc1 f6 26. exf6 Bxf6 27.
fxg5 Bxg5 28. Nxg5 Qxg5 29. Re2 Qxh5 30. Rxb2 axb2 31. Qxb2 Qg6 32. Qb1 Ne7
33. Qb7 Rxf1+ 34. Kxf1 Qd3+ 35. Kf2 Qd2+ 36. Kf1 Qd3+ 37. Kg1 Qd1+ 38. Kf2
Qa4 39. Be5 Kf7 40. Qb1 Ng6 41. Bd6 Qc6 42. Bc5 e5 43. Qd1 e4 44. Qh5 Qf6+
45. Kg1 Qg5 46. Qe2 Nf4 47. Qf2 e3 48. Qf3 Bxh3 49. Bd6 e2 50. Bxf4 e1=Q+
51. Kh2 Qxg2+ 52. Qxg2 Bxg2 53. Kxg2 Qe2+ 54. Kg3 Qxa2 55. Bxh6 Qc2 56. Bf4
Qxc3+ 57. Kg4 Qxd4 { White resigns } 0-1

[Event "ICC tourney 2413 (45 10)"]
[Site "Internet Chess Club"]
[Date "2021.02.27"]
[Round "3"]
[White "GHOSH, KRISH N:krishghosh"]
[Black "HU, ANGELA:AngelaIL203"]
[Result "1-0"]
[ICCResult "Black resigns"]
[WhiteElo "1512"]
[BlackElo "1228"]
[Opening "Queen's pawn, Mason variation"]
[ECO "D00"]
[NIC "QP.08"]
[Time "16:02:44"]
[PlyCount "69"]
[TimeControl "2700+10"]

1. d4 d5 2. Bf4 e6 3. e3 c5 4. c3 Nc6 5. Nf3 Nf6 6. Nbd2 Be7 7. Bd3 O-O 8.
O-O b6 9. e4 dxe4 10. Nxe4 Nxe4 11. Bxe4 Ba6 12. Bxc6 Rc8 13. Re1 Rxc6 14.
Ne5 Rc8 15. dxc5 Bxc5 16. Qa4 Bb7 17. Rad1 Qf6 18. Nd7 Qxf4 19. Qxf4 Rfd8
20. Nxc5 bxc5 21. Qc7 Bd5 22. Rxd5 exd5 23. Qxa7 d4 24. cxd4 cxd4 25. h3 d3
26. Rd1 d2 27. Qa5 h6 28. Rxd2 Rxd2 29. Qxd2 Ra8 30. b3 Kh7 31. Qd3+ g6 32.
Qd5 Rxa2 33. Qxf7+ Kh8 34. Qxg6 Ra1+ 35. Kh2 { Black resigns } 1-0

[Event "ICC tourney 2413 (45 10)"]
[Site "Internet Chess Club"]
[Date "2021.02.27"]
[Round "3"]
[White "JING, ANDREW:andrewj508"]
[Black "Sun, Ethan:ethansun188"]
[Result "0-1"]
[ICCResult "White checkmated"]
[WhiteElo "1305"]
[BlackElo "1337"]
[Opening "Queen's pawn: London system"]
[ECO "A45"]
[NIC "QP.07"]
[Time "16:02:53"]
[PlyCount "82"]
[TimeControl "2700+10"]

1. d4 Nf6 2. Bf4 d5 3. e3 e6 4. c4 c6 5. Nc3 Be7 6. Nf3 Nbd7 7. Bd3 Nb6 8.
b3 O-O 9. O-O dxc4 10. bxc4 Re8 11. c5 Nbd5 12. Nxd5 Nxd5 13. Bg3 b6 14.
cxb6 axb6 15. Ne5 Bb7 16. Qf3 Rf8 17. Rfc1 c5 18. Be4 cxd4 19. exd4 Rc8 20.
Qd3 h6 21. Bf3 Bf6 22. Qd2 Rxc1+ 23. Rxc1 Bg5 24. Qc2 Bxc1 25. Qxc1 Qc8 26.
Qa3 Qa8 27. Qb3 Rc8 28. h3 Rc1+ 29. Kh2 Rc3 30. Qb2 Qa3 31. Qb5 Qa8 32. Qd7
Rc7 33. Qb5 Qc8 34. Bxd5 Bxd5 35. Ng6 fxg6 36. Bxc7 Qxc7+ 37. g3 Qc1 38. g4
Qh1+ 39. Kg3 Qf3+ 40. Kh4 g5+ 41. Kh5 Qf7# { White checkmated } 0-1

[Event "ICC tourney 2413 (45 10)"]
[Site "Internet Chess Club"]
[Date "2021.02.27"]
[Round "3"]
[White "GUNDRA, HEMTEJ:hemtej-g"]
[Black "Pulijala, Akshaj:akshajp"]
[Result "1/2-1/2"]
[ICCResult "Game drawn by mutual agreement"]
[WhiteElo "1547"]
[BlackElo "1392"]
[Opening "Queen's pawn: London system"]
[ECO "A45"]
[NIC "QP.07"]
[Time "16:02:37"]
[PlyCount "99"]
[TimeControl "2700+10"]

1. d4 Nf6 2. Bf4 d6 3. Nf3 g6 4. e3 Nh5 5. Bg3 Bg7 6. Bd3 Nxg3 7. hxg3 e5
8. c3 f5 9. e4 Qf6 10. Qe2 Nc6 11. d5 Nb8 12. Nbd2 Nd7 13. O-O-O Nc5 14.
Bc2 Bd7 15. exf5 gxf5 16. Nh4 O-O-O 17. f3 Rde8 18. Qf2 e4 19. fxe4 fxe4
20. Qxf6 Bxf6 21. Rde1 Re5 22. Nxe4 Nxe4 23. Rxe4 Rxd5 24. Nf3 Bf5 25. Re2
Bxc2 26. Kxc2 Rf5 27. Re6 Kd7 28. Rhe1 Rg8 29. R1e2 Rxg3 30. R6e4 h5 31.
Nh4 Bxh4 32. Rxh4 Rfg5 33. Rh2 h4 34. Rxh4 Rxg2 35. Rh7+ Kc6 36. Rxg2 Rxg2+
37. Kb3 b6 38. a4 a5 39. Re7 Rg5 40. Rf7 d5 41. Rf6+ Kc5 42. Ka3 c6 43. b4+
axb4+ 44. cxb4+ Kd4 45. Rxc6 Rg3+ 46. Kb2 Rg2+ 47. Kc1 Rg1+ 48. Kd2 Ra1 49.
Rxb6 Rxa4 50. Rb8 { Game drawn by mutual agreement } 1/2-1/2

[Event "ICC tourney 2413 (45 10)"]
[Site "Internet Chess Club"]
[Date "2021.02.27"]
[Round "3"]
[White "SULTAN, BASHIR CISSE:muzikmixer"]
[Black "RAO, SRIHAS:srihasrao"]
[Result "1/2-1/2"]
[ICCResult "Game drawn by mutual agreement"]
[WhiteElo "1579"]
[BlackElo "1411"]
[Opening "QGD Slav defense: exchange variation"]
[ECO "D10"]
[NIC "SL.01"]
[Time "16:03:28"]
[PlyCount "60"]
[TimeControl "2700+10"]

1. c4 c6 2. d4 d5 3. cxd5 cxd5 4. Nc3 Nc6 5. e3 Nf6 6. Bb5 a6 7. Bd3 g6 8.
f4 Bg7 9. Nf3 Bg4 10. O-O e6 11. Qe1 Bxf3 12. Rxf3 Nb4 13. Bb1 Rc8 14. Qd1
b5 15. a4 bxa4 16. Qxa4+ Nc6 17. Qxa6 O-O 18. Rf1 Qd7 19. Bd2 Rb8 20. Na4
Nxd4 21. exd4 Ra8 22. Qxa8 Rxa8 23. Nb6 Rxa1 24. Nxd7 Nxd7 25. Bc3 f5 26.
Bc2 Rxf1+ 27. Kxf1 Nf6 28. Ke2 Ne4 29. Kd3 Nxc3 30. Kxc3 Kf7 { Game drawn
by mutual agreement } 1/2-1/2

[Event "ICC tourney 2413 (45 10)"]
[Site "Internet Chess Club"]
[Date "2021.02.27"]
[Round "3"]
[White "JIANG, JASON:JasonJiang10"]
[Black "RAJU, YAKSHWAG REDDY:Yakshwag"]
[Result "1/2-1/2"]
[ICCResult "Game drawn by mutual agreement"]
[WhiteElo "1596"]
[BlackElo "1382"]
[Opening "King's Indian: fianchetto, classical variation"]
[ECO "E67"]
[NIC "KI.65"]
[Time "16:02:41"]
[PlyCount "66"]
[TimeControl "2700+10"]

1. c4 g6 2. Nc3 Bg7 3. g3 Nf6 4. Bg2 O-O 5. Nf3 d6 6. d4 Nbd7 7. O-O e5 8.
dxe5 Nxe5 9. Nxe5 dxe5 10. Bg5 Qxd1 11. Raxd1 Be6 12. b3 c6 13. Na4 Rab8
14. Nc5 Rfe8 15. Rd3 Nh5 16. Rfd1 h6 17. Be3 a6 18. Nxb7 Rxb7 19. Bxc6 Reb8
20. Bxb7 Rxb7 21. Rd8+ Kh7 22. Ra8 f5 23. Rxa6 Bg8 24. Ra7 Rb8 25. c5 f4
26. gxf4 exf4 27. Bd4 Rd8 28. c6 Be6 29. c7 Rd5 30. e3 f3 31. Ra8 Bh3 32.
Kh1 Bg2+ 33. Kg1 Bh3 { Game drawn by mutual agreement } 1/2-1/2

[Event "ICC tourney 2413 (45 10)"]
[Site "Internet Chess Club"]
[Date "2021.02.27"]
[Round "3"]
[White "Achuthan, Aryan:kingAryan10"]
[Black "GINZBURG, LIORA:Liopleuradon15"]
[Result "0-1"]
[ICCResult "White resigns"]
[WhiteElo "1631"]
[BlackElo "1448"]
[Opening "two knights: Max Lange attack"]
[ECO "C55"]
[NIC "KP.02"]
[Time "16:02:47"]
[PlyCount "88"]
[TimeControl "2700+10"]

1. e4 e5 2. Nf3 Nc6 3. d4 exd4 4. Bc4 Nf6 5. O-O Bc5 6. e5 d5 7. Bb5 Nd7 8.
Bxc6 bxc6 9. Nxd4 O-O 10. e6 Nb8 11. exf7+ Rxf7 12. Be3 Bd6 13. Nd2 c5 14.
N4f3 Bg4 15. Bg5 Qf8 16. c4 Nd7 17. Qb3 d4 18. h3 Bh5 19. g4 h6 20. gxh5
hxg5 21. Nxg5 Rf5 22. Nde4 Qe7 23. h4 Bf4 24. Qh3 Raf8 25. Rae1 Ne5 26. Ng3
Rxg5 27. hxg5 Nf3+ 28. Kh1 Nxe1 29. Nf5 Qe4+ 30. f3 Qxf5 31. Qxf5 Rxf5 32.
Rxe1 Bxg5 33. Kg2 Kf8 34. Kg3 Be3 35. Kg4 Rg5+ 36. Kh4 Bf2+ 37. Kxg5 Bxe1
38. Kf4 Ke7 39. Ke4 c6 40. a3 Bd2 41. b3 a5 42. a4 Ke6 43. f4 Kf6 44. f5
Bc1 { White resigns } 0-1